 Dungeon Crawl Stone Soup version 0.31-a0-435-g2c6fae2916 (webtiles) character file.

Game seed: 14283149816554168223

8987 AdnanSaban the Basher (level 11, -5/69 HPs)
             Began as a Gargoyle Fighter on Aug 1, 2023.
             Was a High Priest of Okawaru.
             Slain by a sun demon (9 damage)
             ... on level 9 of the Dungeon.
             The game lasted 00:13:02 (8815 turns).

AdnanSaban the Basher (Gargoyle Fighter)            Turns: 8815, Time: 00:13:02

Health: -5/69      AC: 29    Str: 24    XL:     11   Next: 39%
Magic:  11/11      EV:  8    Int:  9    God:    Okawaru [*****.]
Gold:   593        SH:  5    Dex:  9    Spells: 10/10 levels left

rFire   + . .        s - +2 whip (venom)
rCold   x . .        c - +0 buckler
rNeg    + . .        L - +0 plate armour
rPois   ∞            j - +0 helmet
rElec   +            q - +0 cloak
rCorr   .            (no gloves)
SInv    .            (no boots)
Will    .....        v - amulet of regeneration
Stlth   x              - ring of fire
HPRegen 1.11/turn    D - +4 ring of protection
MPRegen 0.12/turn

%: no passive effects
@: no status effects
A: sickness immunity, AC +8, negative energy resistance 1, electricity
resistance, torment resistance 1, petrification resistance
a: Renounce Religion, Heroism, Finesse, Duel


You were on level 9 of the Dungeon.
You worshipped Okawaru.
Okawaru was extremely pleased with you.
You visited 2 branches of the dungeon, and saw 11 of its levels.

You collected 593 gold pieces.

Inventory:

Hand Weapons
 s - a +2 whip of venom (weapon)
Missiles
 a - 2 throwing nets
 r - 6 poisoned darts (quivered)
 A - a curare-tipped dart
 C - 4 javelins
 P - 4 boomerangs
 R - a silver javelin
Armour
 c - a +0 buckler (worn)
 j - a +0 helmet (worn)
 q - a +0 cloak (worn)
 w - a +0 tower shield
 L - a +0 plate armour (worn)
Jewellery
 t - a ring of ice
 v - an amulet of regeneration (around neck)
 x - a ring of fire (left hand)
 y - a ring of willpower
 D - a +4 ring of protection (right hand)
 G - a +6 ring of strength
 K - a +6 ring of strength
Wands
 u - a wand of mindburst (20)
 E - a wand of flame (16)
 N - a wand of iceblast (8)
Scrolls
 b - a scroll of vulnerability {unknown}
 g - 5 scrolls of teleportation {unknown}
 h - 12 scrolls of identify {unknown}
 i - 2 scrolls of immolation {unknown}
 l - 4 scrolls of blinking {unknown}
 m - 2 scrolls of fog {unknown}
 n - a scroll of enchant armour {unknown}
 o - a scroll of noise {unknown}
 z - 3 scrolls of brand weapon {unknown}
 H - a scroll of butterflies {unknown}
 I - a scroll of enchant weapon {unknown}
 O - a scroll of revelation {unknown}
Potions
 d - 2 potions of might
 e - 2 potions of brilliance {unknown}
 f - a potion of attraction {unknown}
 k - 3 potions of heal wounds {unknown}
 p - 3 potions of curing {unknown}
 B - a potion of mutation {unknown}
 F - a potion of resistance {unknown}
 J - 2 potions of haste {unknown}
 M - 2 potions of degeneration {unknown}
 Q - a potion of invisibility {unknown}


   Skills:
 + Level 8.7 Fighting
 + Level 10.8 Maces & Flails
 + Level 1.0 Throwing
 + Level 10.2 Armour
 + Level 4.0 Dodging
 + Level 3.1 Stealth
 + Level 6.7 Shields


You had 10 spell levels left.
You didn't know any spells.
Your spell library contained the following spells:

 Spells                   Type           Power      Damage    Failure   Level
 Apportation              Tloc           0%         N/A       99%         1
 Necrotise                Necr           0%         1d4       99%         1
 Slow                     Hex            0%         N/A       99%         1
 Blink                    Tloc           0%         N/A       100%        2
 Ensorcelled Hibernation  Hex/Ice        0%         N/A       100%        2
 Lesser Beckoning         Tloc           0%         N/A       100%        2
 Momentum Strike          Conj/Tloc      0%         3d8       100%        2
 Passwall                 Tmut/Erth      0%         N/A       100%        2
 Wereblood                Tmut           0%         N/A       100%        2
 Confusing Touch          Hex            0%         N/A       100%        3
 Ignite Poison            Fire/Tmut/Pois 0%         N/A       100%        3
 Swiftness                Air            0%         N/A       100%        3
 Vampiric Draining        Necr           0%         2d6       100%        3
 Freezing Cloud           Conj/Ice/Air   0%         6-21      100%        5
 Summon Small Mammal      Summ           Unusable   N/A       N/A         1
 Cigotuvi's Dreadful Rot  Necr/Pois/Air  Unusable   N/A       N/A         2
 Sublimation of Blood     Necr           Unusable   N/A       N/A         2
 Summon Hydra             Summ           Unusable   N/A       N/A         7

Dungeon Overview and Level Annotations

Branches:
Dungeon (10/15)            Temple (1/1) D:5            Lair (0/5) D:9
    Orc: D:9-12

Altars:
Ashenzari
Cheibriados
Dithmenos
Elyvilon
Fedhas
Gozag
Hepliaklqana
Kikubaaqudgha
Makhleb
Nemelex Xobeh
Okawaru
Qazlal
Ru
Sif Muna
Trog
Uskayaw
Vehumet
Wu Jian
Xom
Yredelemnul
Zin
The Shining One

Shops:
D:4 *


Innate Abilities, Weirdness & Mutations

You are immune to sickness and miasma.
Your stone body is resilient. (AC +8)
You are immune to poison.
You resist negative energy. (rN+)
You are resistant to electric shocks. (rElec)
You are resistant to unholy torment.
You are immune to petrification.


Message History

The sun demon is heavily wounded.
The sun demon hits you but does no damage.
You barely miss the sun demon.
The sun demon is heavily wounded.
The sun demon hits you but does no damage.
You barely miss the sun demon.
The sun demon is heavily wounded.
You hit the sun demon but do no damage.
The sun demon looks even sicker.
The sun demon is heavily wounded.
The sun demon hits you but does no damage.
You whack the sun demon!
The sun demon looks as sick as possible!
The sun demon is heavily wounded.
The sun demon closely misses you.
You hit the sun demon but do no damage.
The sun demon looks as sick as possible!
The sun demon is heavily wounded.
You closely miss the sun demon.
The sun demon is heavily wounded.
The sun demon hits you but does no damage.
You closely miss the sun demon.
The sun demon is severely wounded.
The sun demon hits you but does no damage.
You barely miss the sun demon.
The sun demon is severely wounded.
The sun demon hits you!
You are engulfed in flames.
You resist.
* * * LOW HITPOINT WARNING * * *
You closely miss the sun demon.
The sun demon is severely wounded.
You hit the sun demon but do no damage.
The sun demon is severely wounded.
The sun demon hits you!
* * * LOW HITPOINT WARNING * * *
You are engulfed in flames!
You resist.
* * * LOW HITPOINT WARNING * * *
You whack the sun demon!
The sun demon looks as sick as possible!
The sun demon is almost dead.
The sun demon hits you!
You die...

###.............##.# #.#
##....#.#.##.#.###.# #.#
.....##.#.##.#.# #.####.#
##..###.#.##.#.###......#
....# #...##.....#..#####
.##.# #..###.....#..#
.##.# #..# #........#
.##.###..###.....##.#
..............>3@##.#
#######..#.########.#
.........#.# #.#
#######.##.# #.# #.##.#
##.###### #.##.#
#.......# #....#
##.####.# ####''#### ###
#.# #...†)...# #.#


You could see a sun demon (extremely poisoned).

Vanquished Creatures
  Erica (D:8)
  A boulder beetle (D:5)
  A two-headed ogre (D:8)
  An elephant (D:9)
  Joseph (D:8)
  Maurice (D:8)
  An orange demon (D:10)
  Maggie (D:8)
  An ice devil (D:10)
  A troll (D:8)
  A hornet (D:9)
  Sigmund (D:6)
  A wyvern (D:9)
  A wraith (D:9)
  9 yaks
  A basilisk (D:9)
  A steam dragon (D:9)
  3 water moccasins
  3 orc warriors
  2 ice beasts
  A sky beast (D:8)
  4 black bears
  2 centaurs
  A kobold brigand (D:4)
  3 bullfrogs
  A scorpion (D:4)
  3 wights
  11 killer bees
  A howler monkey (D:8)
  A crimson imp (D:7)
  A gnoll bouda (D:8)
  3 orc priests
  2 jellies
  2 hounds (D:5)
  3 iguanas (D:5)
  A sleepcap (D:5)
  Ijyb (D:3)
  4 orc wizards
  14 gnolls
  9 adders
  2 shadow imps
  2 white imps (D:5)
  2 worms
  2 dart slugs
  23 orcs
  11 ball pythons
  5 endoplasms
  3 giant cockroaches
  6 goblins
  6 hobgoblins
  13 jackals
  8 kobolds
  3 quokkas (D:1)
  4 bats
  3 frilled lizards
  8 rats
202 creatures vanquished.

Notes
Turn   | Place    | Note
-------+----------+-------------------------------------------
     0 | D:1      | AdnanSaban the Gargoyle Fighter began the quest for the
                  | Orb.
     0 | D:1      | Reached XP level 1. HP: 14/14 MP: 1/1
    41 | D:1      | Reached XP level 2. HP: 7/19 MP: 2/2
   275 | D:1      | You fall into a shaft and drop 1 floor!
   396 | D:1      | Reached XP level 3. HP: 23/23 MP: 3/3
  1290 | D:2      | Found a faded altar of an unknown god.
  1547 | D:2      | Reached XP level 4. HP: 25/29 MP: 4/4
  1905 | D:3      | Reached XP level 5. HP: 33/33 MP: 5/5
  1920 | D:3      | Noticed Ijyb
  2067 | D:3      | Killed Ijyb
  2212 | D:3      | Reached skill level 1 in Dodging
  2910 | D:4      | Found a sacrificial altar of Ru.
  2912 | D:4      | Found an ornate altar of the Wu Jian Council.
  2913 | D:4      | Found a snail-covered altar of Cheibriados.
  2913 | D:4      | Found a basalt altar of Yredelemnul.
  2914 | D:4      | Found a glowing silver altar of Zin.
  3100 | D:4      | Reached XP level 6. HP: 38/38 MP: 6/6
  3101 | D:4      | Noticed an ice beast
  3110 | D:4      | Killed an ice beast
  3196 | D:4      | Reached XP level 7. HP: 42/44 MP: 7/7
  3265 | D:4      | Found Cevairr's Serpentskin Sales.
  3271 | D:4      | Reached skill level 5 in Maces & Flails
  3271 | D:4      | Reached skill level 5 in Armour
  3271 | D:4      | Reached skill level 1 in Stealth
  3583 | D:5      | Entered Level 5 of the Dungeon
  3620 | D:5      | Found a staircase to the Ecumenical Temple.
  3664 | D:5      | Reached XP level 8. HP: 48/48 MP: 8/8
  3682 | Temple   | Entered the Ecumenical Temple
  3897 | D:5      | Reached skill level 5 in Fighting
  4491 | D:6      | Noticed a boulder beetle
  4999 | D:6      | Found a stormy altar of Qazlal.
  5021 | D:6      | Found an iron altar of Okawaru.
  5074 | D:5      | Killed a boulder beetle
  5075 | D:5      | Reached XP level 9. HP: 13/55 MP: 9/9
  5256 | D:6      | Noticed Sigmund
  5267 | D:6      | Killed Sigmund
  5268 | D:6      | Reached skill level 5 in Shields
  5300 | D:6      | Became a worshipper of Warmaster Okawaru
  6301 | D:7      | Found a shimmering altar of Xom.
  6301 | D:7      | Found a burning altar of Makhleb.
  6534 | D:8      | Reached * piety under Okawaru
  6698 | D:8      | Noticed Maggie
  6699 | D:8      | Noticed Maurice
  6724 | D:8      | Killed Maggie
  6725 | D:8      | Reached XP level 10. HP: 48/61 MP: 10/10
  6754 | D:8      | Killed Maurice
  6754 | D:8      | Reached ** piety under Okawaru
  6935 | D:8      | Noticed Erica
  6967 | D:8      | Killed Erica
  7003 | D:8      | Noticed Joseph
  7021 | D:8      | Killed Joseph
  7021 | D:8      | Reached *** piety under Okawaru
  7367 | D:9      | Noticed a two-headed ogre
  7386 | D:8      | Reached skill level 1 in Throwing
  7486 | D:8      | HP: 1/63 [two-headed ogre/+0 giant club (12)]
  7495 | D:8      | Killed a two-headed ogre
  7495 | D:8      | Reached **** piety under Okawaru
  7622 | D:8      | Reached skill level 10 in Maces & Flails
  7654 | D:8      | Reached XP level 11. HP: 18/68 MP: 8/11
  7926 | D:9      | Found a staircase to the Lair.
  8045 | D:9      | Reached ***** piety under Okawaru
  8059 | D:9      | Reached skill level 10 in Armour
  8640 | D:10     | Entered Level 10 of the Dungeon
  8738 | D:10     | Received a gift from Okawaru
  8758 | D:10     | Noticed a sun demon
  8812 | D:9      | HP: 1/69 [sun demon (8)]
  8815 | D:9      | Slain by a sun demon

Illustrated notes

Levels and vault maps discovered:
D:1:      wander_arrival_peaceful_grave, layout_basic
D:2:      layout_loops_cross, shapermc_ecumenical_altar_ellora,
          amcnicky_mini_rare_corridor_liquid, minmay_split_cup_small
D:3:      layout_basic, uniq_ijyb
D:4:      layout_loops_ring, grunt_temple_overflow_open, corexii_shack,
          guppyfry_shop_venom
D:5:      layout_basic, minmay_temple_entry_arrows
D:6:      layout_loops_ring, jmf_multi_god_temple, uniq_sigmund
D:7:      layout_loops_ring, grunt_temple_overflow_champion_of_chaos
D:8:      layout_cave_pods, serial_glass, glass_columns_b, glass_columns_a,
          due_unseen_surprise, minmay_strange_pillars, item_on_display_a,
          minmay_strange_pillars, uniq_joseph, uniq_erica, uniq_maggie,
          uniq_maurice
D:9:      layout_loops_ring, david_lair_generic, grunt_ministairs_10,
          kennysheep_generic_room_6
D:10:     layout_loops_ring, erik_orc_4, serial_demonic, serial_demonic_d,
          serial_demonic_d, serial_demonic_e, serial_demonic_b,
          serial_demonic_f, serial_demonic_b, serial_demonic_a,
          serial_demonic_e, serial_demonic_g, serial_demonic_e, enter_bailey_3
Temple:   nicolae_temple_ecumenical_triangle

Skill      XL: |  1  2  3  4  5  6  7  8  9 10 11 |
---------------+----------------------------------+-----
Maces & Flails | 3 4 5 7 8 10 | 10.8
Armour         | 4 5 7 8 9 10 | 10.2
Dodging        | 1 2 3 4 |  4.0
Fighting       | 4 5 6 8 |  8.7
Stealth        | 1 2 3 |  3.1
Shields        | 4 5 6 |  6.7
Throwing       | 1 |  1.0

Action                     |  1- 3 |  4- 6 |  7- 9 | 10-12 || total
---------------------------+-------+-------+-------+-------++-------
  Melee: Flail             |   126 |    21 |       |       ||   147
         Whip              |       |   114 |   400 |   426 ||   940
  Throw: Dart              |       |       |     4 |       ||     4
 Invoke: Heroism           |       |       |       |     1 ||     1
 Armour: Scale mail        |    72 |    61 |   160 |       ||   293
         Plate armour      |       |       |    55 |   247 ||   302
  Dodge: Dodged            |    81 |    43 |   150 |   123 ||   397
  Block: Buckler           |    28 |    19 |    73 |    80 ||   200

Table legend: (Time is in decaauts)
 A = Elapsed time spent in this place.
 B = Non-inter-level travel time spent in this place.
 C = Inter-level travel time spent in this place.
 D = Time resting spent in this place.
 E = Time spent auto-exploring this place.
 F = Levels seen in this place.
 G = Mean time per level.
                   A        B        C        D        E       F      G
               +--------+--------+--------+--------+--------+-----+--------+
         Total |   8640 |   7832 |    808 |    257 |   5674 |  11 |  785.5 |
       Dungeon |   8638 |   7830 |    808 |    257 |   5674 |  10 |  863.8 |
        Temple |      1 |      1 |      0 |      0 |      0 |   1 |    1.0 |
               +--------+--------+--------+--------+--------+-----+--------+

Top non-repeatable levels by time:
     D:8: 1218 daAuts
     D:5: 1090 daAuts
     D:1: 1073 daAuts
     D:9: 964 daAuts
     D:3: 934 daAuts
     D:6: 864 daAuts
     D:4: 803 daAuts
     D:2: 802 daAuts
     D:7: 799 daAuts
    D:10: 86 daAuts
  Temple: 1 daAuts
